[Event "*** SCC Grand Prix: Titled Tuesday Blitz"]
[Site "Chess.com"]
[Date "2020.08.25"]
[Round "8"]
[White "Xeniya2005"]
[Black "Rodalquilar"]
[Result "1-0"]
[WhiteElo "2392"]
[BlackElo "2617"]
[TimeControl "180+1"]
[EndTime "11:36:21 PDT"]
[Termination "Xeniya2005 won on time"]

1. e4 d5 2. exd5 Qxd5 3. Nf3 Bg4 4. Be2 Nc6 5. d4 O-O-O 6. Be3 e5 7. c4 Qa5+ 8. Bd2 Bb4 9. d5 Bxf3 10. Bxf3 Nd4 11.
Nc3 Nf6 12. O-O Bxc3 13. Bxc3 Qc5 14. Bxd4 exd4 15. Qd3 c6 16. dxc6 bxc6 17. a3 Kc7 18. b4 Qb6 19. Rab1 Rhe8 20. a4 a5 21. c5 Qa7 22. b5 Qxc5 23. Rfc1 Qe5 24. Rxc6+ Kd7 25. Rcc1 Re6 26. b6 Ke8 27. b7 Qb8 28. Qb5+ Kf8 29. Qxa5 Ree8 30. Qb4+ Kg8 31. a5 d3 32. Rd1 Qe5 33. h3 Nd5 34. Bxd5 Qxd5 35. a6 Re4 36. b8=Q Rxb4 37. Qxb4 h5 38. a7 d2 39. Rxd2 Qxd2 40. Qxd2 Rxd2 41. a8=Q+ Rd8 42. Qxd8+ 1-0

[Event "*** SCC Grand Prix: Titled Tuesday Blitz"]
[Site "Chess.com"]
[Date "2020.08.25"]
[Round "8"]
[White "dopolian"]
[Black "giantslayer83"]
[Result "0-1"]
[WhiteElo "2480"]
[BlackElo "2702"]
[TimeControl "180+1"]
[EndTime "11:36:21 PDT"]
[Termination "giantslayer83 won by resignation"]

1. e4 c6 2. Nc3 d5 3. Nf3 dxe4 4. Nxe4 Nf6 5. Nxf6+ exf6 6. d4 Bd6 7. Be2 O-O 8. Be3 f5 9. Qd2 Nd7 10. O-O-O Nf6 11.
Ne5 Nd5 12. Bc4 Re8 13. Bxd5 cxd5 14. Bf4 f6 15. Nd3 Bf8 16. h4 Bd7 17. h5 Qb6 18. c3 Bb5 19. Rhe1 Qa6 20. Rxe8 Rxe8 21. Kb1 Re4 22. g3 b6 23. Nc1 Kf7 24. Re1 Qc8 25. f3 Re6 26. Rxe6 Qxe6 27. Qe3 g5 28. hxg6+ hxg6 29. Qxe6+ Kxe6 30. Bb8 a6 31. Bc7 Bf1 32. Bxb6 Bd6 33. f4 g5 34. Bc5 Bc7 35. Kc2 gxf4 36. gxf4 Bxf4 37. Nd3 Be3 38. a4 f4 39. Ne1 Be2 40. Ng2 Kf5 41. Nxe3+ fxe3 42. Bd6 Ke4 43. b4 f5 44. Bg3 f4 45. Bh4 f3 46. b5 axb5 47. a5 b4 48. cxb4 f2 0-1

[Event "*** SCC Grand Prix: Titled Tuesday Blitz"]
[Site "Chess.com"]
[Date "2020.08.25"]
[Round "8"]
[White "dpopadic"]
[Black "Gusarov91"]
[Result "0-1"]
[WhiteElo "2354"]
[BlackElo "2632"]
[TimeControl "180+1"]
[EndTime "11:36:21 PDT"]
[Termination "Gusarov91 won by resignation"]

1. e4 c6 2. d4 Na6 3. Nf3 Nc7 4. c3 d5 5. e5 Bg4 6. h3 Bh5 7. Be2 e6 8. Be3 Ne7 9. O-O Nf5 10. Nh2 Bxe2 11.
Qxe2 Nxe3 12. fxe3 Be7 13. Nd2 O-O 14. Ng4 f5 15. exf6 Bxf6 16. Nxf6+ Rxf6 17. Rxf6 Qxf6 18. Rf1 Qe7 19. e4 Rf8 20. e5 Qg5 21. Rxf8+ Kxf8 22. Nf3 Qf4 23. Qf2 b6 24. Ng5 Qxf2+ 25. Kxf2 h6 26. Nf3 c5 27. Ke3 Ke7 28. g4 Na6 29. a3 Nb8 30. h4 a5 31. h5 Nc6 32.
g5 hxg5 33. Nxg5 a4 34. Nf3 Na5 35. Nd2 Kf7 36. Kd3 Kg8 37. Nf3 Nc4 38. Ng5 Nxb2+ 39. Kc2 Nc4 40. Nxe6 Nxa3+ 41. Kb2 Nc4+ 42. Ka2 cxd4 43.
cxd4 b5 44. Nc7 b4 45. Nxd5 b3+ 46. Kb1 a3 47. Nc3 Nd2+ 48. Kc1 Nf3 49. Nb5 a2 50.
Kb2 Kf7 51. d5 Nxe5 52. Nc3 Nd3+ 53. Ka1 Nb4 54. d6 Nc2+ 0-1

[Event "*** SCC Grand Prix: Titled Tuesday Blitz"]
[Site "Chess.com"]
[Date "2020.08.25"]
[Round "8"]
[White "Mr_Sinigami"]
[Black "Miss_JJ20"]
[Result "0-1"]
[WhiteElo "2522"]
[BlackElo "2429"]
[TimeControl "180+1"]
[EndTime "11:36:23 PDT"]
[Termination "Miss_JJ20 won on time"]

1. d4 Nf6 2. Nf3 c5 3. d5 b5 4. c4 Qa5+ 5. Bd2 b4 6. Qc2 d6 7. e4 g6 8. h3 Bg7 9. Bd3 O-O 10.
O-O e5 11. Be3 Nbd7 12. Nbd2 Rb8 13. a3 a6 14. Nb3 Qb6 15. Rfb1 Nh5 16. axb4 Qxb4 17.
Na5 Qb6 18. b4 Qc7 19. Nc6 Rb6 20. b5 Nb8 21. Bd2 axb5 22. cxb5 Rb7 23. b6 Qd7 24.
Bb5 Rxb6 25. Nxb8 Qb7 26. Bc6 Qxb8 27. Ba5 Rxb1+ 28. Rxb1 Qa7 29. Bc3 Nf4 30. Kh2 h6 31. Ra1 Qe7 32. Ra8 f5 0-1

[Event "*** SCC Grand Prix: Titled Tuesday Blitz"]
[Site "Chess.com"]
[Date "2020.08.25"]
[Round "8"]
[White "Fortitudine"]
[Black "Margarita2907"]
[Result "1-0"]
[WhiteElo "2237"]
[BlackElo "2095"]
[TimeControl "180+1"]
[EndTime "11:36:23 PDT"]
[Termination "Fortitudine won on time"]

1. c4 e6 2. g3 d5 3. Bg2 Nf6 4. Nf3 Be7 5. O-O O-O 6. b3 c5 7.
cxd5 exd5 8. d4 Nc6 9. Bb2 b6 10. Nc3 Bb7 11. e3 Qd7 12. Ne5 Qd8 13. Nxc6 Bxc6 14.
dxc5 Bxc5 15. Rc1 Qd7 16. Ne2 Rfd8 17. Bxf6 gxf6 18. Nd4 Bb7 19. Qd3 a5 20. Rfd1 Bf8 21. Qf5 Qxf5 22. Nxf5 Rd7 23. Bh3 Rad8 24. Rd4 Ba3 25.
Rcd1 Kf8 26. Rh4 Rc7 27. Rxh7 Kg8 28. Rh6 Rc2 29. Rd4 Rc1+ 30. Kg2 1-0

[Event "*** SCC Grand Prix: Titled Tuesday Blitz"]
[Site "Chess.com"]
[Date "2020.08.25"]
[Round "8"]
[White "MarcoRiehle"]
[Black "KuzubovYuriy"]
[Result "0-1"]
[WhiteElo "2733"]
[BlackElo "2864"]
[TimeControl "180+1"]
[EndTime "11:36:24 PDT"]
[Termination "KuzubovYuriy won by checkmate"]

1. e4 c5 2. a3 d6 3. b4 Nf6 4. Nc3 e6 5. Nf3 Be7 6. d4 cxb4 7. axb4 d5 8. e5 Ne4 9. Bd2 Nxd2 10. Qxd2 Bxb4 11. Rb1 a5 12. Bd3 Bd7 13. O-O Na6 14. Bxa6 bxa6 15. Qd3 Rc8 16. Ne2 Bb5 17. c4 dxc4 18.
Qe4 c3 19. Rfc1 Bxe2 20. Qxe2 O-O 21. Qxa6 Qd5 22. h3 h6 23. Qd3 Rfd8 24. Kh2 Rc4 25. Rc2 a4 26. Ra1 a3 27. h4 Rdc8 28. Rb1 Be7 29.
Rb3 Qa5 30. Rb1 Qa8 31. Ng1 Rb4 32. Ra1 Ra4 33. Rxc3 Rxc3 34. Qxc3 a2 35. Nf3 g5 36.
hxg5 hxg5 37. Kg3 Qe4 38. Qb3 Qf4+ 39. Kh3 g4# 0-1

[Event "*** SCC Grand Prix: Titled Tuesday Blitz"]
[Site "Chess.com"]
[Date "2020.08.25"]
[Round "8"]
[White "bocah_sakit"]
[Black "JuliaEfremova"]
[Result "0-1"]
[WhiteElo "2615"]
[BlackElo "2365"]
[TimeControl "180+1"]
[EndTime "11:36:24 PDT"]
[Termination "JuliaEfremova won on time"]

1. e4 d5 2. exd5 Qxd5 3. Nc3 Qa5 4. d4 Nf6 5. Nf3 Bg4 6. Bc4 Nc6 7. h3 Qh5 8. Be2 O-O-O 9. Be3 e5 10. d5 Nb4 11. O-O Bxf3 12. Bxf3 Qg6 13. Rc1 e4 14. Bg4+ Nxg4 15. hxg4 h5 16. g5 Qf5 17. Qd4 b6 18. Qc4 h4 19. Nb5 Nxd5 20. Rcd1 c5 21. Nc3 Nxc3 22. Qa6+ Kc7 23. Qxa7+ Kc6 24. bxc3 Bd6 25.
Qa4+ Kb7 26. Qc4 h3 27. Rd5 Bh2+ 28. Kxh2 hxg2+ 0-1

[Event "*** SCC Grand Prix: Titled Tuesday Blitz"]
[Site "Chess.com"]
[Date "2020.08.25"]
[Round "8"]
[White "PawnEatingZombie"]
[Black "Euge_chess"]
[Result "0-1"]
[WhiteElo "2215"]
[BlackElo "2086"]
[TimeControl "180+1"]
[EndTime "11:36:25 PDT"]
[Termination "Euge_chess won by resignation"]

1. d4 Nf6 2. c4 c5 3. d5 e6 4.
Nc3 exd5 5. cxd5 d6 6. e4 g6 7. Bd3 Bg7 8. h3 O-O 9. Nf3 Na6 10. O-O Nc7 11. Re1 a6 12. a4 b6 13. Bf4 Rb8 14.
Rb1 b5 15. axb5 axb5 16. b4 c4 17. Bc2 Nh5 18. Bd2 Re8 19. Ne2 f5 20. exf5 gxf5 21. Bg5 Qd7 22. Ned4 Nxd5 23. Bxf5 Rxe1+ 24. Qxe1 Qf7 25. Bxc8 Rxc8 26. Nxb5 Qg6 27. Rc1 Nhf4 28. Bxf4 Nxf4 29. Qf1 Nxh3+ 30. Kh2 Nf4 31. g3 Nd3 32. Rd1 Rf8 33. Nbd4 Bxd4 34. Nxd4 Rxf2+ 35. Qxf2 Nxf2 0-1

[Event "*** SCC Grand Prix: Titled Tuesday Blitz"]
[Site "Chess.com"]
[Date "2020.08.25"]
[Round "8"]
[White "gagtemp"]
[Black "anskam"]
[Result "1-0"]
[WhiteElo "1957"]
[BlackElo "1638"]
[TimeControl "180+1"]
[EndTime "11:36:26 PDT"]
[Termination "gagtemp won by checkmate"]

1. e4 e5 2. Nf3 Nc6 3. Bc4 Be7 4. O-O Nf6 5. d3 O-O 6. a4 d6 7. Re1 Bg4 8. c3 h6 9. Be3 a6 10. Nbd2 Kh8 11. Nf1 Nh7 12. Ng3 Bh4 13. d4 Bxg3 14. fxg3 f5 15. exf5 Rxf5 16. Bd3 Rf8 17. d5 Ne7 18. c4 Nf5 19. Be4 Nf6 20. Qc2 Nxe4 21. Qxe4 Nxe3 22. Qxe3 Qf6 23. Nh4 g5 24. Nf3 Bxf3 25.
gxf3 Qxf3 26. Qd2 Rae8 27. Ra3 Qg4 28. Qc2 Qf5 29. Qe2 b6 30. a5 b5 31. cxb5 axb5 32. a6 Ra8 33. a7 Qg4 34. Qxg4 Kg7 35. Qd7+ Rf7 36. Qc6 Rxa7 37. Rxa7 h5 38. Rxc7 Rxc7 39. Qxc7+ Kg6 40. Qxd6+ Kf5 41. Qxe5+ Kg6 42. Rf1 h4 43.
Rf6+ Kh5 44. Qe2+ g4 45. Qe5# 1-0

[Event "*** SCC Grand Prix: Titled Tuesday Blitz"]
[Site "Chess.com"]
[Date "2020.08.25"]
[Round "8"]
[White "chessplayer9919"]
[Black "BogdanDeac"]
[Result "0-1"]
[WhiteElo "2601"]
[BlackElo "2829"]
[TimeControl "180+1"]
[EndTime "11:36:27 PDT"]
[Termination "BogdanDeac won on time"]

1. d4 d5 2. c4 e6 3. Nf3 Nf6 4.
g3 dxc4 5. Bg2 a6 6. O-O Nc6 7. Nc3 Rb8 8. a4 Be7 9. e3 b5 10. axb5 axb5 11. Ne5 Nxe5 12. dxe5 Nd7 13. Bc6 O-O 14.
Bxb5 Nxe5 15. f4 c6 16. Ba6 Ra8 17. fxe5 Rxa6 18. Rxa6 Bxa6 19. Qg4 Qc7 20. Qf4 Bb7 21. Ne4 c5 22. Nd6 Ba6 23. Nxf7 c3 24. Rf2 Qd7 25. Qf3 c2 26. Rd2 Qe8 27. Nd6 Bxd6 28. Qg4 Bxe5 29. Rxc2 Qd7 30. Bd2 Qd5 31. e4 Qd4+ 32. Kg2 Bf1+ 33.
Kh1 Bd3 34. Qxe6+ Kh8 0-1

[Event "*** SCC Grand Prix: Titled Tuesday Blitz"]
[Site "Chess.com"]
[Date "2020.08.25"]
[Round "8"]
[White "Korchmar_Vasiliy"]
[Black "Vuk2000"]
[Result "0-1"]
[WhiteElo "2609"]
[BlackElo "2735"]
[TimeControl "180+1"]
[EndTime "11:36:29 PDT"]
[Termination "Vuk2000 won on time"]

1. d4 Nf6 2. Nf3 e6 3. Bf4 d5 4. e3 Bd6 5. Bg3 O-O 6. Nbd2 c5 7. c3 Qc7 8. Bd3 Nbd7 9. e4 cxd4 10. Nxd4 Bxg3 11.
hxg3 Nc5 12. Qe2 e5 13. N4b3 Bg4 14. f3 Nxd3+ 15. Qxd3 Be6 16. g4 Rad8 17. g5 dxe4 18. Qc2 Nd5 19. Nxe4 f5 20. gxf6 gxf6 21. Nec5 Bc8 22.
Qf2 b6 23. Ne4 Nf4 24. O-O Ba6 25. Rfd1 Qg7 26. Ng3 Nd3 27. Rxd3 Bxd3 28. Re1 Bg6 29. Nd2 Qf7 30. Nde4 Qxa2 31. Qe3 Qf7 32. Qh6 Qg7 33. Qh4 Rde8 34. Rd1 Rd8 35. Nd6 Qe7 36. Nge4 Bxe4 0-1

[Event "*** SCC Grand Prix: Titled Tuesday Blitz"]
[Site "Chess.com"]
[Date "2020.08.25"]
[Round "8"]
[White "MYMChessAcademy"]
[Black "Ariadna_Atreides"]
[Result "0-1"]
[WhiteElo "2101"]
[BlackElo "2054"]
[TimeControl "180+1"]
[EndTime "11:36:29 PDT"]
[Termination "Ariadna_Atreides won by checkmate"]

1. e4 c5 2. Nf3 d6 3. d4 cxd4 4.
Nxd4 Nf6 5. Nc3 Nc6 6. Be2 e5 7. Nb3 Be7 8. Be3 O-O 9. g4 Be6 10.
g5 Ne8 11. h4 a5 12. Bb5 Nc7 13. Ba4 Qb8 14. Nd2 b5 15. Bb3 a4 16. Bxe6 fxe6 17. a3 d5 18. exd5 exd5 19. Nf1 d4 20. h5 dxe3 21. Nxe3 Bxg5 22. Qd7 Nd4 23. Ncd5 Nxd5 24. Qxd5+ Kh8 25. O-O-O Qc7 26. Qe4 Rac8 27. Rd2 Bxe3 28. Qxe3 Nb3+ 29. Kb1 Nxd2+ 30. Qxd2 Rfd8 31. Qc3 Qxc3 32. bxc3 Rxc3 33. Kb2 Rdc8 34. Rd1 Rxc2+ 35. Kb1 h6 36. Rd7 Rxf2 37. Rb7 Rcc2 38. Rxb5 Rce2 39. Rc5 Re1+ 40. Rc1 Rxc1+ 41. Kxc1 Rh2 42. Kd1 Rxh5 43. Ke1 Rh3 44. Kd1 Rxa3 45. Ke1 h5 46. Kd1 h4 47.
Ke1 h3 48. Kd1 h2 49. Ke2 h1=Q 50. Kf2 Qh2+ 51. Ke1 Ra1# 0-1

[Event "*** SCC Grand Prix: Titled Tuesday Blitz"]
[Site "Chess.com"]
[Date "2020.08.25"]
[Round "8"]
[White "blitzking1729"]
[Black "kuban1991"]
[Result "1/2-1/2"]
[WhiteElo "2675"]
[BlackElo "2803"]
[TimeControl "180+1"]
[EndTime "11:36:30 PDT"]
[Termination "Game drawn by repetition"]

1. d4 g6 2. Nf3 Bg7 3. c3 Nf6 4.
Bg5 Ne4 5. Bf4 d5 6. Nbd2 O-O 7. e3 c5 8. Bd3 Bf5 9. Qb1 Nxd2 10. Nxd2 Bxd3 11. Qxd3 Qb6 12. Rb1 Nc6 13. O-O a5 14. dxc5 Qxc5 15. e4 Rfd8 16. exd5 Rxd5 17. Qe2 e5 18. Be3 Qe7 19. Nc4 Rad8 20. Rfd1 Qe6 21. b3 h5 22. Bb6 Rxd1+ 23. Rxd1 Rxd1+ 24. Qxd1 e4 25. Nxa5 Nxa5 26. Bxa5 e3 27. fxe3 Qxe3+ 28. Kh1 Be5 29. c4 Qf4 30. Qg1 h4 31. Bb6 Qe4 32. h3 Qc2 33. Qe1 Bf6 34. Bc7 Qxa2 35. Qe3 Qa1+ 36. Qg1 Qb2 37. Qd1 Kg7 38. Bd8 Bxd8 39.
Qxd8 Qxb3 40. Qd4+ Kg8 41. Qd8+ Kg7 42. Qd4+ Kg8 43.
Qd8+ Kg7 1/2-1/2

[Event "*** SCC Grand Prix: Titled Tuesday Blitz"]
[Site "Chess.com"]
[Date "2020.08.25"]
[Round "8"]
[White "vinniethepooh"]
[Black "nrvisakh"]
[Result "1-0"]
[WhiteElo "2679"]
[BlackElo "2793"]
[TimeControl "180+1"]
[EndTime "11:36:30 PDT"]
[Termination "vinniethepooh won by checkmate"]

1. d4 Nf6 2. c4 g6 3. Nc3 d5 4.
cxd5 Nxd5 5. e4 Nxc3 6. bxc3 Bg7 7. Nf3 c5 8. Be3 O-O 9. Rc1 b6 10. Qd2 cxd4 11. cxd4 Bb7 12. Bd3 Nc6 13. Bb1 e6 14. O-O Qd6 15. Rfd1 Rfd8 16. Bf4 Qd7 17. d5 exd5 18. exd5 Na5 19. d6 Rac8 20. Rc7 Qa4 21. d7 Ra8 22. Bg5 f6 23. Be3 Bf8 24. Rxb7 Nxb7 25.
Qd5+ Kg7 26. Rd4 Qa6 27. h4 Nc5 28. h5 Qb7 29. h6+ Kh8 30. Qf7 Rxd7 31. Qxf6+ Kg8 32. Rxd7 Qxd7 33. Bd4 Rd8 34. Ng5 Qxd4 35. Qf7+ Kh8 36. Qxh7# 1-0

[Event "*** SCC Grand Prix: Titled Tuesday Blitz"]
[Site "Chess.com"]
[Date "2020.08.25"]
[Round "8"]
[White "XiaoKangZhong"]
[Black "novocane"]
[Result "1-0"]
[WhiteElo "2422"]
[BlackElo "2266"]
[TimeControl "180+1"]
[EndTime "11:36:30 PDT"]
[Termination "XiaoKangZhong won on time"]

1. e4 c5 2. c3 Nf6 3. e5 Nd5 4. d4 cxd4 5. Nf3 Nc6 6. cxd4 d6 7. Bc4 Nb6 8. Bb5 d5 9. O-O Bf5 10. Nh4 Bxb1 11. Rxb1 e6 12. Nf3 Be7 13. a3 O-O 14.
Bd3 Rc8 15. g3 Nc4 16. h4 b5 17. Kg2 f5 18. exf6 Bxf6 19. Ng5 Bxg5 20. hxg5 g6 21.
Rh1 Ne7 22. Bf4 Qb6 23. Bc2 e5 24. dxe5 Nxe5 25. Qe2 Rxc2 26. Qxc2 Ng4 27. Qe2 h5 28. gxh6 Rxf4 29. h7+ Kh8 30. gxf4 d4 31. Qxg4 Qc6+ 32.
Qf3 Qf6 33. Qa8+ 1-0

[Event "*** SCC Grand Prix: Titled Tuesday Blitz"]
[Site "Chess.com"]
[Date "2020.08.25"]
[Round "8"]
[White "margarita_2703"]
[Black "ChessicallyInclined"]
[Result "1-0"]
[WhiteElo "2418"]
[BlackElo "2511"]
[TimeControl "180+1"]
[EndTime "11:36:31 PDT"]
[Termination "margarita_2703 won on time"]

1. Nf3 Nf6 2. d4 b6 3. c4 e6 4. Nc3 Bb7 5. Bg5 d5 6. Rc1 Be7 7. e3 O-O 8. Bd3 Nbd7 9. O-O c5 10. Ne5 Nxe5 11. dxe5 Nd7 12. Bxe7 Qxe7 13. Bb1 dxc4 14. Nb5 Qg5 15. e4 Rad8 16. Nd6 Ba6 17. f4 Qe7 18.
Qa4 Nb8 19. Qc2 Nc6 20. Nxc4 Nd4 21. Qf2 Bxc4 22. Rxc4 b5 23. Rcc1 c4 24. Rfe1 Rd7 25. f5 Qc5 26. b3 c3 27. b4 Qxb4 28. f6 g6 29. Qe3 Rc8 30. Red1 c2 31. Bxc2 Nxc2 32.
Rxd7 Qc4 33. Qd3 Qc5+ 34. Kh1 h5 35. Rd8+ Rxd8 36. Qxd8+ Kh7 37. Qe7 Qe3 38. Qxf7+ Kh6 39. Rg1 Ne1 40. h4 1-0

[Event "*** SCC Grand Prix: Titled Tuesday Blitz"]
[Site "Chess.com"]
[Date "2020.08.25"]
[Round "8"]
[White "allvim"]
[Black "remi04"]
[Result "0-1"]
[WhiteElo "2422"]
[BlackElo "2591"]
[TimeControl "180+1"]
[EndTime "11:36:31 PDT"]
[Termination "remi04 won on time"]

1. e4 c5 2. Nf3 d6 3. d4 cxd4 4. Nxd4 Nf6 5. Nc3 a6 6. Be2 e6 7. Be3 Be7 8. O-O O-O 9. f4 Nbd7 10. a4 b6 11. Bf3 Bb7 12. Qd2 Qc7 13. Rad1 Rfd8 14.
f5 e5 15. Nde2 d5 16. Nxd5 Nxd5 17. exd5 Nf6 18. Nc3 Rac8 19. Qf2 Bc5 20. d6 Rxd6 21. Rxd6 Bxd6 22. Bxb6 Qe7 23. Bxb7 Qxb7 24. a5 Bb4 25. Qe3 Nd7 26. Kh1 h6 27. f6 Nxf6 28. Qxe5 Bxc3 29. bxc3 Nd7 30. Qe3 Qc6 31. Bd4 Nf8 32. Qe5 Ne6 33. Re1 Nxd4 34. Qxd4 Qxc3 35. Re8+ Kh7 36. Qe4+ g6 37.
Rxc8 Qa1+ 0-1

[Event "*** SCC Grand Prix: Titled Tuesday Blitz"]
[Site "Chess.com"]
[Date "2020.08.25"]
[Round "8"]
[White "Yana_pro"]
[Black "Rhinos1"]
[Result "0-1"]
[WhiteElo "2083"]
[BlackElo "2236"]
[TimeControl "180+1"]
[EndTime "11:36:31 PDT"]
[Termination "Rhinos1 won by resignation"]

1. Nf3 Nf6 2. g3 d6 3. Bg2 Nbd7 4. O-O c6 5. d3 e5 6. c4 Be7 7. Nc3 O-O 8. b4 Qc7 9. b5 a6 10. Bd2 Nc5 11. a4 e4 12. Ne1 exd3 13. exd3 Bg4 14. f3 Bf5 15. d4 Nd3 16. Nxd3 Bxd3 17. Re1 Bxc4 18. b6 Qd7 19. a5 Rae8 20. Qa4 Bd5 21. Bg5 Qf5 22. Bf4 g5 23. Be3 h6 24. Rf1 Qd3 25.
Nd1 Bd8 26. Ra3 Qb5 27. Qc2 Bc4 28. Re1 Nd5 29. Nc3 Nxc3 30. Qxc3 Bf6 31. h4 Re6 32. hxg5 hxg5 33. Bh3 Re7 34. Rc1 Bd5 35. Bg4 Rfe8 36. Qd2 Bc4 37. Rac3 Be6 38. R3c2 Bxg4 39. Bxg5 Qxg5 40.
f4 Qg6 41. d5 Bf5 42. Rc4 Qxg3+ 43. Qg2 Re1+ 0-1

[Event "*** SCC Grand Prix: Titled Tuesday Blitz"]
[Site "Chess.com"]
[Date "2020.08.25"]
[Round "8"]
[White "varacalli"]
[Black "phoenix_sjh"]
[Result "1-0"]
[WhiteElo "2411"]
[BlackElo "2507"]
[TimeControl "180+1"]
[EndTime "11:36:32 PDT"]
[Termination "varacalli won on time"]

1. e4 e6 2. d4 d5 3. Nd2 Nf6 4. e5 Nfd7 5. c3 c5 6. Bd3 b6 7. Ne2 Ba6 8. Bxa6 Nxa6 9. Nf3 Be7 10. h4 O-O 11. h5 b5 12. Rh3 Nc7 13. Rg3 Kh8 14. Bg5 f6 15. exf6 Nxf6 16. Bxf6 Bxf6 17.
Kf1 c4 18. Kg1 a5 19. Qd2 Qd6 20. Re1 Rae8 21. Nf4 Kg8 22. Ne5 Bxe5 23. Rxe5 Rf6 24. Nh3 Ref8 25. Qg5 R8f7 26. f3 h6 27. Qe3 Qf8 28.
Nf2 Rf5 29. Ng4 Kh8 30. Rxf5 Rxf5 31. Ne5 Qf6 32. Rg6 Qh4 33. Rxh6+ Kg8 34. Rh8+ Kxh8 35. Ng6+ Kh7 36. Nxh4 Rxh5 37. g3 g5 38. Qe5 Ne8 39.
Qxe6 Ng7 40. Qxd5 gxh4 41. Qd6 hxg3 42. Qxg3 Rh6 43. Qf4 Rg6+ 44. Kf2 Kg8 45. d5 Ne8 46. Qe5 Kf8 47. f4 Rf6 48. f5 Kf7 49. Kg2 Nd6 50. Qe3 Rxf5 51. Qe6+ 1-0

[Event "*** SCC Grand Prix: Titled Tuesday Blitz"]
[Site "Chess.com"]
[Date "2020.08.25"]
[Round "8"]
[White "Morshynska"]
[Black "Annagozel"]
[Result "1-0"]
[WhiteElo "2182"]
[BlackElo "1849"]
[TimeControl "180+1"]
[EndTime "11:36:32 PDT"]
[Termination "Morshynska won on time"]

1. e4 c6 2. d4 d5 3. Nd2 dxe4 4. Nxe4 Bf5 5. Ng3 Bg6 6. h4 h6 7. Nf3 Nd7 8. h5 Bh7 9. Bd3 Bxd3 10. Qxd3 Ngf6 11. Bf4 Qa5+ 12. Bd2 Qc7 13. O-O-O e6 14. Kb1 Bd6 15. Ne4 Nxe4 16. Qxe4 Nf6 17. Qe2 O-O-O 18.
c4 c5 19. Bc3 cxd4 20. Nxd4 a6 21. Rc1 Kb8 22. Ka1 Qb6 23. Nb3 Bb4 24. c5 Bxc5 25.
Ba5 Qd6 26. Bxd8 Rxd8 27. Rhd1 Qe7 28. Rxd8+ Qxd8 29. Nxc5 Qd5 30. Qf3 Qxf3 31. gxf3 Nd5 32. Nd7+ Ka7 33. a3 b5 34. Ka2 Kb7 35. Kb3 a5 36.
Rg1 Kc7 37. Ne5 Nf4 38. Rxg7 Nxh5 39. Rxf7+ Kd6 40. f4 Nxf4 41. Rxf4 Kxe5 42. Rh4 Kf5 43. Rxh6 e5 44. Rb6 Kf4 45. Rxb5 e4 46. Rxa5 Kf3 47. Rf5+ Ke2 48. Rf8 Kd3 49. a4 Kd4 50. Kb4 e3 51.
fxe3+ Kxe3 52. Rd8 Ke4 53. a5 Ke5 54. a6 Ke6 55. a7 1-0

[Event "*** SCC Grand Prix: Titled Tuesday Blitz"]
[Site "Chess.com"]
[Date "2020.08.25"]
[Round "8"]
[White "Matveev_Vladimir"]
[Black "x-0414717230"]
[Result "0-1"]
[WhiteElo "2540"]
[BlackElo "2718"]
[TimeControl "180+1"]
[EndTime "11:36:33 PDT"]
[Termination "x-0414717230 won by resignation"]

1. d4 Nf6 2. c4 g6 3. Nc3 Bg7 4.
e4 d6 5. Be2 O-O 6. Nf3 e5 7. O-O Nc6 8. d5 Ne7 9. b4 a5 10. Ba3 axb4 11. Bxb4 Nd7 12. a4 b6 13.
Nb5 f5 14. Nd2 fxe4 15. Nxe4 Nc5 16. Bxc5 bxc5 17. Ng5 Nf5 18. Ne6 Bxe6 19. dxe6 e4 20. Qd5 Ne7 21. Qxe4 c6 22. Rad1 cxb5 23. axb5 Ra2 24.
Bf3 Be5 25. b6 Qxb6 26. h4 Nf5 27.
h5 Kg7 28. hxg6 hxg6 29. Bg4 Qd8 30. Bxf5 Rxf5 31. Rb1 Ra7 32. Rb7+ Rxb7 33. Qxb7+ Kh6 34. g3 Qf6 35. e7 Qe6 36. Kg2 Rh5 37. Re1 Qh3+ 38.
Kf3 Rf5+ 39. Ke3 Qg4 40. Rh1+ Kg5 41. e8=Q Qd4+ 42. Ke2 Rxf2+ 0-1

[Event "*** SCC Grand Prix: Titled Tuesday Blitz"]
[Site "Chess.com"]
[Date "2020.08.25"]
[Round "8"]
[White "Haykoooo0o"]
[Black "Gvetadze"]
[Result "1-0"]
[WhiteElo "2525"]
[BlackElo "2393"]
[TimeControl "180+1"]
[EndTime "11:36:33 PDT"]
[Termination "Haykoooo0o won by resignation"]

1. d4 Nf6 2. Nf3 c5 3. c3 e6 4. e3 b6 5. Bd3 Bb7 6. Nbd2 Be7 7. Qe2 O-O 8. O-O cxd4 9. exd4 Nd5 10. Ne4 f5 11. Ng3 Qc7 12. Bc4 a6 13. Re1 b5 14.
Bb3 Bd6 15. Bd2 a5 16. a3 Na6 17. Qxb5 Rfb8 18. Qe2 Bc6 19. Bc4 Qb7 20. b4 Nac7 21. Ne5 Ba4 22. Rab1 axb4 23. axb4 Bb5 24. Bxb5 Nxb5 25. Rec1 Ra2 26. Qd3 Ra3 27. Nc4 Nxb4 28. Nxd6 Nxd3 29. Nxb7 Nxc1 30. Bxc1 Rxb7 31. Bxa3 Ra7 32. Rxb5 Rxa3 33. h3 Rxc3 34. Rb8+ Kf7 35. Rb7 Ke7 36. Rb4 Rd3 37. Nf1 Rxd4 38. Rxd4 1-0

[Event "*** SCC Grand Prix: Titled Tuesday Blitz"]
[Site "Chess.com"]
[Date "2020.08.25"]
[Round "8"]
[White "SilviusTiberius"]
[Black "checkitas"]
[Result "0-1"]
[WhiteElo "2461"]
[BlackElo "2375"]
[TimeControl "180+1"]
[EndTime "11:36:35 PDT"]
[Termination "checkitas won on time"]

1. e4 e6 2. d4 d5 3. Nc3 Nf6 4. e5 Nfd7 5. Nce2 c5 6. c3 Nc6 7. Nf3 Be7 8. Nf4 h5 9. Bd3 g5 10. Nxg5 Bxg5 11. Nxe6 fxe6 12. Bg6+ Kf8 13. Qf3+ Bf6 14.
Bg5 Kg7 15. exf6+ Nxf6 16. Bc2 cxd4 17. O-O-O dxc3 18. Qg3 cxb2+ 19. Kb1 Kf7 20. Rhe1 Rg8 21. Qh4 a5 22. Re3 Nb4 23. Rf3 Rxg5 24. Qxg5 Nxc2 25. Qxh5+ Ke7 26. Rxf6 Na3+ 27. Kxb2 Qb6+ 28. Kc1 Qc5+ 29. Kd2 Qc2+ 30. Ke1 Qc3+ 31. Kf1 Qxf6 32. Rd3 b6 33.
Rxa3 Ba6+ 34. Ke1 Qa1+ 35. Kd2 Qb2+ 36. Kd1 Qxa3 37. Qh7+ Kd6 38. Qb1 Qd3+ 39. Qxd3 Bxd3 0-1

[Event "*** SCC Grand Prix: Titled Tuesday Blitz"]
[Site "Chess.com"]
[Date "2020.08.25"]
[Round "8"]
[White "Artyom_ChessMate"]
[Black "ChristopherYoo"]
[Result "0-1"]
[WhiteElo "2574"]
[BlackElo "2825"]
[TimeControl "180+1"]
[EndTime "11:36:36 PDT"]
[Termination "ChristopherYoo won by resignation"]

1. e4 e6 2. d4 d5 3. Bd3 c5 4. exd5 exd5 5. Nf3 Nf6 6. O-O c4 7. Be2 Be7 8. b3 cxb3 9. axb3 O-O 10. c4 Nc6 11. Nc3 Bg4 12. Be3 Bb4 13. Rc1 Re8 14. Nxd5 Nxd5 15. cxd5 Qxd5 16. Bc4 Qd7 17. h3 Bh5 18. d5 Bxf3 19. Qxf3 Ne5 20. Qh5 Bd6 21. Bd4 Ng6 22. Rfe1 h6 23. Qg4 Qd8 24. Bd3 Ne5 25. Bxe5 Bxe5 26. Be4 Qd6 27. g3 a5 28. Kg2 g6 29. h4 Bg7 30. h5 f5 31. Bxf5 gxf5 32. Qxf5 Rad8 33. Re6 Qd7 34. Rce1 Rf8 35. Qg4 Qxd5+ 36.
Kh2 Rxf2+ 37. Kh3 Qg2+ 0-1

[Event "*** SCC Grand Prix: Titled Tuesday Blitz"]
[Site "Chess.com"]
[Date "2020.08.25"]
[Round "8"]
[White "chessdjw"]
[Black "Angel_Hranitel_37"]
[Result "1-0"]
[WhiteElo "2595"]
[BlackElo "2454"]
[TimeControl "180+1"]
[EndTime "11:36:36 PDT"]
[Termination "chessdjw won by checkmate"]

1. d4 Nf6 2. c4 e6 3. Nc3 Bb4 4.
e3 O-O 5. Ne2 b6 6. a3 Be7 7.
Nf4 d5 8. cxd5 exd5 9. Bd3 Ba6 10. O-O Bxd3 11. Qxd3 c6 12. f3 Nbd7 13. e4 c5 14. Ncxd5 Nxd5 15. Nxd5 cxd4 16. Nxe7+ Qxe7 17. Qxd4 Rfd8 18. Be3 Nc5 19. Qc3 Rac8 20. Qe1 Nd3 21. Qe2 Qf6 22. Rab1 Nf4 23. Bxf4 Qxf4 24. Rfd1 h5 25.
Rxd8+ Rxd8 26. Rd1 Rc8 27. g3 Qc7 28. Kg2 g6 29. e5 Qc2 30. Rd2 Qf5 31. Qe3 h4 32.
g4 Qe6 33. Qg5 Kg7 34. Rd6 Rc2+ 35. Kh3 Qb3 36. Qf6+ Kh7 37. Qxh4+ Kg7 38. Qf6+ Kh7 39. Rd8 Rxh2+ 40. Kxh2 Qxb2+ 41. Kh3 g5 42. Rh8# 1-0